TOP OF THE 1ST |
San Antonio Missions batting - Pitching for Columbia Fireflies : RHP Tony Castellanos
|
Pitching: RHP Tony Castellanos
|
|
Batting: RHB Dave McBain
|
0-0: Bunted foul 0-1: Ball 1-1: Ground out 4-3 (Groundball, 4, EV 106.9 MPH)
|
Batting: LHB Matt Patnaude
|
0-0: Ball 1-0: Ground out 5-3 (Groundball, 5L, EV 107.5 MPH)
|
Batting: RHB Mike Maserang
|
0-0: Ball 1-0: Foul Ball, location: 2F 1-1: Ball 2-1: Foul Ball, location: 2F 2-2: Ball 3-2: DOUBLE (Flyball, 8RXD, EV 101.2 MPH)
|
Batting: RHB Cesar Ortega
|
0-0: Fly out, F4 (Popup, 23, EV 81.2 MPH)
|
Top of the 1st over - 0 runs, 1 hit, 0 errors, 1 left on base; San Antonio 0 - Columbia 0 |
BOTTOM OF THE 1ST |
Columbia Fireflies batting - Pitching for San Antonio Missions : RHP Danny Rasdall
|
Pitching: RHP Danny Rasdall
|
|
Batting: RHB Omar Novoa
|
0-0: Ball 1-0: Ball 2-0: Called Strike 2-1: Ground out 5-3 (Groundball, 56, EV 86.9 MPH)
|
Batting: RHB Elias Urbina
|
0-0: Called Strike 0-1: DOUBLE (Groundball, 3L, EV 105.6 MPH)
|
Batting: LHB Tony Leyba
|
0-0: Ball 1-0: Ball 2-0: Ball 3-0: Ground out 1-3 (Groundball, P, EV 63.8 MPH) Elias Urbina to third
|
Batting: RHB Masaya Nakamura
|
0-0: Fly out, F8 (Line Drive, 8RM, EV 86.2 MPH)
|
Bottom of the 1st over - 0 runs, 1 hit, 0 errors, 1 left on base; San Antonio 0 - Columbia 0 |
TOP OF THE 2ND |
San Antonio Missions batting - Pitching for Columbia Fireflies : RHP Tony Castellanos
|
Batting: RHB John Freeman
|
0-0: Fly out, F5 (Popup, 5SF, EV 78.8 MPH)
|
Batting: LHB Teko van de Sande
|
0-0: Called Strike 0-1: Ball 1-1: Ball 2-1: Foul Ball, location: 2F 2-2: Strikes out looking
|
Batting: RHB Adrian Martinelli
|
0-0: Ground out 6-3 (Groundball, 6, EV 98.1 MPH)
|
Top of the 2nd over - 0 runs, 0 hits, 0 errors, 0 left on base; San Antonio 0 - Columbia 0 |
BOTTOM OF THE 2ND |
Columbia Fireflies batting - Pitching for San Antonio Missions : RHP Danny Rasdall
|
Batting: RHB Jose Lara
|
0-0: Swinging Strike 0-1: Ground out 6-3 (Groundball, 4MS, EV 85.6 MPH)
|
Batting: RHB Andy Carrell
|
0-0: Called Strike 0-1: Ball 1-1: Swinging Strike 1-2: Strikes out swinging, 2-3 out at first.
|
Batting: LHB Preston Knaak
|
0-0: Called Strike 0-1: Ball 1-1: Ground out 4-3 (Groundball, 4, EV 80.6 MPH)
|
Bottom of the 2nd over - 0 runs, 0 hits, 0 errors, 0 left on base; San Antonio 0 - Columbia 0 |
TOP OF THE 3RD |
San Antonio Missions batting - Pitching for Columbia Fireflies : RHP Tony Castellanos
|
Batting: LHB Josh Slusarczyk
|
0-0: Ball 1-0: Called Strike 1-1: Swinging Strike 1-2: Foul Ball, location: 2F 1-2: Ball 2-2: Ball 3-2: Ground out 6-3 (Groundball, 4M, EV 107.5 MPH)
|
Batting: RHB Roberto Monzon
|
0-0: Ball 1-0: Called Strike 1-1: Fly out, F8 (Flyball, 89S, EV 82.5 MPH)
|
Batting: RHB Dave McBain
|
0-0: Ground out 6-3 (Groundball, 6, EV 88.1 MPH)
|
Top of the 3rd over - 0 runs, 0 hits, 0 errors, 0 left on base; San Antonio 0 - Columbia 0 |
BOTTOM OF THE 3RD |
Columbia Fireflies batting - Pitching for San Antonio Missions : RHP Danny Rasdall
|
Batting: RHB Dan Muse
|
0-0: Ground out 6-3 (Groundball, 56, EV 105.0 MPH)
|
Batting: RHB Fathi Addae
|
0-0: Ball 1-0: Called Strike 1-1: Swinging Strike 1-2: Ball 2-2: Ball 3-2: Foul Ball, location: 2F 3-2: Strikes out swinging
|
Batting: RHB Omar Novoa
|
0-0: Called Strike 0-1: Swinging Strike 0-2: Foul Ball, location: 2F 0-2: Ball 1-2: Ball 2-2: Ground out 5-3 (Groundball, 56, EV 85.0 MPH)
|
Bottom of the 3rd over - 0 runs, 0 hits, 0 errors, 0 left on base; San Antonio 0 - Columbia 0 |
TOP OF THE 4TH |
San Antonio Missions batting - Pitching for Columbia Fireflies : RHP Tony Castellanos
|
Batting: LHB Matt Patnaude
|
0-0: Called Strike 0-1: Ball 1-1: Fly out, F4 (Line Drive, 4, EV 73.1 MPH)
|
Batting: RHB Mike Maserang
|
0-0: Called Strike 0-1: Swinging Strike 0-2: Foul Ball, location: 2F 0-2: Ball 1-2: Ground out 5-3 (Groundball, 56S, EV 66.2 MPH)
|
Batting: RHB Cesar Ortega
|
0-0: Called Strike 0-1: Ball 1-1: Foul Ball, location: 2F 1-2: Strikes out looking
|
Top of the 4th over - 0 runs, 0 hits, 0 errors, 0 left on base; San Antonio 0 - Columbia 0 |
BOTTOM OF THE 4TH |
Columbia Fireflies batting - Pitching for San Antonio Missions : RHP Danny Rasdall
|
Batting: RHB Elias Urbina
|
0-0: Ground out 5-3 (Groundball, 56, EV 84.4 MPH)
|
Batting: LHB Tony Leyba
|
0-0: Called Strike 0-1: SINGLE (Groundball, 34D, EV 95.0 MPH)
|
Batting: RHB Masaya Nakamura
|
0-0: Ball 1-0: Swinging Strike 1-1: Ball 2-1: SINGLE (Line Drive, 9S, EV 105.6 MPH) Tony Leyba to second
|
Batting: RHB Jose Lara
|
0-0: Ball 1-0: Foul Ball, location: 2F 1-1: Foul Ball, location: 2F 1-2: Foul Ball, location: 2F 1-2: Foul Ball, location: 2F 1-2: Ball 2-2: Ball 3-2: SINGLE (Groundball, 4MD, EV 101.9 MPH) Tony Leyba to third Masaya Nakamura to second Throwing error, E8 Tony Leyba scores Masaya Nakamura to third Jose Lara to second
|
Batting: RHB Andy Carrell
|
0-0: Foul Ball, location: 2F 0-1: Ground out 6-3 (Groundball, 6, EV 95.0 MPH) Masaya Nakamura scores
|
Batting: LHB Preston Knaak
|
0-0: Ball 1-0: Foul Ball, location: 2F 1-1: Ball 2-1: Ball 3-1: Fly out, F8 (Line Drive, 8RM, EV 100.6 MPH)
|
Bottom of the 4th over - 2 runs, 3 hits, 1 error, 1 left on base; San Antonio 0 - Columbia 2 |
TOP OF THE 5TH |
San Antonio Missions batting - Pitching for Columbia Fireflies : RHP Tony Castellanos
|
Batting: RHB John Freeman
|
0-0: Ball 1-0: Called Strike 1-1: Called Strike 1-2: Ground out 6-3 (Groundball, 6, EV 85.0 MPH)
|
Batting: LHB Teko van de Sande
|
0-0: Foul Ball, location: 2F 0-1: Ball 1-1: Foul Ball, location: 2F 1-2: Ball 2-2: Ball 3-2: SINGLE (Line Drive, 6D, EV 103.1 MPH)
|
Batting: RHB Adrian Martinelli
|
0-0: Fly out, F7 (Flyball, 7, EV 87.5 MPH)
|
Batting: LHB Josh Slusarczyk
|
0-0: Ball 1-0: Called Strike Teko van de Sande steals 2nd base 1-1: Ground out 6-3 (Groundball, 6M, EV 102.5 MPH)
|
Top of the 5th over - 0 runs, 1 hit, 0 errors, 1 left on base; San Antonio 0 - Columbia 2 |
BOTTOM OF THE 5TH |
Columbia Fireflies batting - Pitching for San Antonio Missions : RHP Danny Rasdall
|
Batting: RHB Dan Muse
|
0-0: Foul Ball, location: 2F 0-1: Called Strike 0-2: Ball 1-2: SINGLE (Groundball, 34D, EV 102.5 MPH)
|
Batting: RHB Fathi Addae
|
0-0: Ball 1-0: Ball 2-0: Called Strike 2-1: Fielders Choice at 2nd, 4-6 (Groundball, 4, EV 101.2 MPH)
|
Batting: RHB Omar Novoa
|
0-0: Ball 1-0: Called Strike 1-1: Foul Ball, location: 2F 1-2: Ball 2-2: SINGLE (Groundball, 4D, EV 100.0 MPH) Fathi Addae to second Runner from 2nd tries for 3rd, OUT! 8-5
|
Batting: RHB Elias Urbina
|
0-0: Ball 1-0: Called Strike Omar Novoa is caught stealing 2nd base 2-4
|
Bottom of the 5th over - 0 runs, 2 hits, 0 errors, 0 left on base; San Antonio 0 - Columbia 2 |
TOP OF THE 6TH |
San Antonio Missions batting - Pitching for Columbia Fireflies : RHP Tony Castellanos
|
Batting: RHB Roberto Monzon
|
0-0: Swinging Strike 0-1: Swinging Strike 0-2: Ball 1-2: Fly out, F9 (Line Drive, 9, EV 93.1 MPH)
|
Batting: RHB Dave McBain
|
0-0: Foul Ball, location: 2F 0-1: Ground out 5-3 (Groundball, 56, EV 101.2 MPH)
|
Batting: LHB Matt Patnaude
|
0-0: Ground out 6-3 (Groundball, 6, EV 83.1 MPH)
|
Top of the 6th over - 0 runs, 0 hits, 0 errors, 0 left on base; San Antonio 0 - Columbia 2 |
BOTTOM OF THE 6TH |
Columbia Fireflies batting - Pitching for San Antonio Missions : RHP Danny Rasdall
|
Batting: RHB Elias Urbina
|
0-0: Ball 1-0: Called Strike 1-1: DOUBLE (Line Drive, 89D, EV 103.1 MPH)
|
Batting: LHB Tony Leyba
|
0-0: Called Strike 0-1: Foul Ball, location: 2F 0-2: DOUBLE (Flyball, 7LD, EV 110.6 MPH) Elias Urbina scores
|
Batting: RHB Masaya Nakamura
|
0-0: Swinging Strike 0-1: Ball 1-1: Ground out 1-3 (Groundball, 23, EV 75.0 MPH) Tony Leyba to third
|
Batting: RHB Jose Lara
|
0-0: Called Strike 0-1: Ball 1-1: Ball 2-1: Ball 3-1: Swinging Strike 3-2: Foul Ball, location: 2F 3-2: DOUBLE (Line Drive, 7LM, EV 107.5 MPH) Tony Leyba scores
|
Batting: RHB Andy Carrell
|
0-0: Ball 1-0: Foul Ball, location: 2F 1-1: Ground out 6-3 (Groundball, 6, EV 86.9 MPH)
|
Pitching: LHP Ed Valdez
|
|
Batting: LHB Preston Knaak
|
0-0: Called Strike 0-1: Called Strike 0-2: Ball 1-2: Foul Ball, location: 2F 1-2: Strikes out swinging
|
Bottom of the 6th over - 2 runs, 3 hits, 0 errors, 1 left on base; San Antonio 0 - Columbia 4 |
TOP OF THE 7TH |
San Antonio Missions batting - Pitching for Columbia Fireflies : RHP Tony Castellanos
|
Batting: RHB Mike Maserang
|
0-0: Foul Ball, location: 2F 0-1: Ground out 5-3 (Groundball, 56, EV 85.0 MPH)
|
Batting: RHB Cesar Ortega
|
0-0: Called Strike 0-1: Foul Ball, location: 2F 0-2: Ball 1-2: Ball 2-2: Ground out 5-3 (Groundball, 56S, EV 63.8 MPH)
|
Batting: RHB John Freeman
|
0-0: Called Strike 0-1: Swinging Strike 0-2: Strikes out swinging
|
Top of the 7th over - 0 runs, 0 hits, 0 errors, 0 left on base; San Antonio 0 - Columbia 4 |
BOTTOM OF THE 7TH |
Columbia Fireflies batting - Pitching for San Antonio Missions : LHP Ed Valdez
|
Batting: RHB Dan Muse
|
0-0: Ball 1-0: Called Strike 1-1: Foul Ball, location: 2F 1-2: Strikes out swinging
|
Batting: RHB Fathi Addae
|
0-0: Ball 1-0: Foul Ball, location: 2F 1-1: Ball 2-1: Ball 3-1: Swinging Strike 3-2: Ground out 4-3 (Groundball, 4, EV 85.0 MPH)
|
Batting: RHB Omar Novoa
|
0-0: Foul Ball, location: 2F 0-1: Foul Ball, location: 2F 0-2: Ball 1-2: Ball 2-2: Strikes out looking
|
Bottom of the 7th over - 0 runs, 0 hits, 0 errors, 0 left on base; San Antonio 0 - Columbia 4 |
TOP OF THE 8TH |
San Antonio Missions batting - Pitching for Columbia Fireflies : RHP Tony Castellanos
|
Batting: LHB Teko van de Sande
|
0-0: Called Strike 0-1: Swinging Strike 0-2: Strikes out looking
|
Batting: RHB Adrian Martinelli
|
0-0: Swinging Strike 0-1: Called Strike 0-2: Strikes out looking
|
Batting: LHB Josh Slusarczyk
|
0-0: Ground out 6-3 (Groundball, 4MS, EV 81.9 MPH)
|
Top of the 8th over - 0 runs, 0 hits, 0 errors, 0 left on base; San Antonio 0 - Columbia 4 |
BOTTOM OF THE 8TH |
Columbia Fireflies batting - Pitching for San Antonio Missions : LHP Ed Valdez
|
Pitching: LHP Dan Gatlin
|
|
Batting: RHB Elias Urbina
|
0-0: Ball 1-0: Called Strike 1-1: Foul Ball, location: 2F 1-2: Ground out 4-3 (Groundball, 4, EV 84.4 MPH)
|
Batting: LHB Tony Leyba
|
0-0: SINGLE (Line Drive, 78M, EV 109.4 MPH)
|
Batting: RHB Masaya Nakamura
|
0-0: Ball 1-0: Ball 2-0: 2-RUN HOME RUN (Flyball, 9LD, EV 95.0 MPH), Distance : 333 ft
|
Batting: RHB Jose Lara
|
0-0: Called Strike 0-1: Hit by Pitch, AND HE CHARGES THE MOUND! The benches clear!
|
Pitching: RHP Tony Delgado
|
|
Pinch Runner at 1st Larry Shoop:
|
|
Batting: RHB Andy Carrell
|
0-0: Called Strike Larry Shoop steals 2nd base 0-1: Ball 1-1: Foul Ball, location: 2F 1-2: Ground out 5-3 (Groundball, 56S, EV 93.1 MPH)
|
Batting: LHB Preston Knaak
|
0-0: Called Strike 0-1: Ball 1-1: Ball 2-1: Fly out, F8 (Flyball, 8RD, EV 98.8 MPH)
|
Bottom of the 8th over - 2 runs, 2 hits, 0 errors, 1 left on base; San Antonio 0 - Columbia 6 |
TOP OF THE 9TH |
San Antonio Missions batting - Pitching for Columbia Fireflies : RHP Tony Castellanos
|
Now in CF: Larry Shoop
|
|
Batting: RHB Roberto Monzon
|
0-0: Ball 1-0: Foul Ball, location: 2F 1-1: Ball 2-1: DOUBLE (Line Drive, 9LM, EV 108.1 MPH)
|
Batting: RHB Dave McBain
|
0-0: Ball 1-0: Foul Ball, location: 2F 1-1: Ball 2-1: Fly out, F3 (Popup, 23F, EV 88.8 MPH)
|
Batting: LHB Matt Patnaude
|
0-0: Called Strike 0-1: Ball 1-1: Ball 2-1: Swinging Strike 2-2: Ground out 4-3 (Groundball, 4, EV 85.0 MPH) Roberto Monzon to third
|
Batting: RHB Mike Maserang
|
0-0: Called Strike 0-1: Swinging Strike 0-2: SINGLE (Groundball, 6, EV 95.0 MPH) Roberto Monzon scores
|
Batting: RHB Cesar Ortega
|
0-0: Called Strike 0-1: Ball 1-1: Ball 2-1: Called Strike 2-2: Strikes out looking
|
Top of the 9th over - 1 run, 2 hits, 0 errors, 1 left on base; San Antonio 1 - Columbia 6 |
|